 Dungeon Crawl Stone Soup version 0.28-a0-834-g1a73be5ee4 (webtiles) character file.

Game seed: 12425032787569252437

70 Crownlay the Chopper (level 4, -2/39 HPs)
             Began as a Hill Orc Fighter on Nov 11, 2021.
             Slain by Natasha (7 damage)
             ... on level 2 of the Dungeon.
             The game lasted 00:01:19 (1748 turns).

Crownlay the Chopper (Hill Orc Fighter)             Turns: 1748, Time: 00:01:20

Health: -2/39      AC:  6    Str: 19    XL:     4   Next: 21%
Magic:  4/4        EV:  9    Int:  8    God:
Gold:   51         SH:  4    Dex: 10    Spells: 3/3 levels left

rFire   . . .      SeeInvis .   a - +0 war axe
rCold   . . .      Faith    .   c - +0 buckler
rNeg    . . .      Spirit   .   b - +0 scale mail
rPois   .          Reflect  .   (no helmet)
rElec   .          Harm     .   (no cloak)
rCorr   .          Rampage  .   (no gloves)
Will    .....                   (no boots)
Stlth   ..........              h - amulet of regeneration
HPRegen 1.13/turn               (no ring)
MPRegen 0.09/turn               (no ring)

@: no status effects
A: no striking features
a: no special abilities


You were on level 2 of the Dungeon.
You visited 1 branch of the dungeon, and saw 2 of its levels.

You collected 51 gold pieces.

Inventory:

Hand Weapons
 a - a +0 war axe (weapon)
Armour
 b - a +0 scale mail (worn)
 c - a +0 buckler (worn)
Jewellery
 h - an amulet of regeneration (around neck)
 k - a ring of resist corrosion
Wands
 l - a wand of flame (8)
Scrolls
 f - 2 scrolls of identify {unknown}
 g - 2 scrolls of acquirement {unknown}
 i - a scroll of enchant armour {unknown}
 j - a scroll of magic mapping {unknown}
 m - 4 scrolls of teleportation {unknown}
 n - 3 scrolls of amnesia {unknown}
Potions
 d - a potion of might
 e - 2 potions of mutation {unknown}
 o - a potion of curing {unknown}


   Skills:
 - Level 3.6 Fighting
 * Level 5.1 Axes
 - Level 3.2 Armour
 - Level 4.0 Shields


You had 3 spell levels left.
You didn't know any spells.
Your spell library contained the following spells:

 Spells                   Type           Power      Damage    Failure   Level
 Slow                     Hex            0%         N/A       77%         1
 Confusing Touch          Hex            0%         N/A       98%         3
 Gell's Gravitas          Tloc           0%         N/A       98%         3
 Teleport Other           Tloc           0%         N/A       98%         3
 Yara's Violent Unravell  Hex/Tmut       0%         3d3       100%        5
 Dispersal                Tloc           0%         N/A       100%        6


Dungeon Overview and Level Annotations

Branches:
Dungeon (2/15)

Altars:

Annotations:
D:2 Natasha


Message History

You barely miss Natasha.
Natasha is moderately wounded.
You barely miss the crimson imp.
Natasha extends her claws.
Natasha casts a spell at you. The magic dart hits you.
The crimson imp hits you but does no damage.
You are too injured to fight recklessly!
You are too injured to fight recklessly!
You are too injured to fight recklessly!
You are too injured to fight recklessly!
You are too injured to fight recklessly!
You miss Natasha.
Natasha is moderately wounded.
You closely miss the crimson imp.
Natasha extends her claws.
Natasha claws you.
The crimson imp hits you but does no damage.
Natasha claws you!
You closely miss Natasha.
Natasha is moderately wounded.
You closely miss the crimson imp. The crimson imp completely misses you.
You block Natasha's attack. The crimson imp barely misses you.
You hit Natasha.
Natasha is heavily wounded.
You closely miss the crimson imp. Natasha claws you.
* * * LOW HITPOINT WARNING * * *
The crimson imp closely misses you.
You barely miss Natasha.
Natasha is heavily wounded.
You miss the crimson imp. Natasha claws you.
* * * LOW HITPOINT WARNING * * *
The crimson imp hits you.
* * * LOW HITPOINT WARNING * * *
Okay, then.
You block Natasha's attack.
You hit Natasha but do no damage.
Natasha is heavily wounded.
Natasha claws you!
You die...

#.# #.#.# #.#+###.#.##
#.# #.#.###.#.###÷#...
#.# #.#.#...#.#.......
#.#.#.#.#.#.#.#..#
#.#.#.###.#...#... #.#
#.....#####.## #.#
#####.........
#.#.#####.#####.##
#@#......†....#.#
#h#######.###.#.#
#5#######.###.#(#
#..5†5............#.#
.....§.########.#####.#
###.... #.# #.# ##.##
#.# ###.## #. #.#
#..... # #.# #.....


You could see an iron imp (summoned), Natasha and a crimson imp (summoned).

Vanquished Creatures
  3 adders (D:2)
  A worm (D:2)
  3 ball pythons
  5 bats
  5 endoplasms
  3 giant cockroaches
  A hobgoblin (D:2)
  3 jackals (D:2)
  5 kobolds (D:1)
  2 quokkas
  A frilled lizard (D:1)
  2 goblins
  5 rats
39 creatures vanquished.

Notes
Turn   | Place    | Note
-------+----------+-------------------------------------------
     0 | D:1      | Crownlay the Hill Orc Fighter began the quest for the Orb.
     0 | D:1      | Reached XP level 1. HP: 19/19 MP: 1/1
   268 | D:1      | Reached skill level 3 in Axes
   388 | D:1      | Reached XP level 2. HP: 21/26 MP: 2/2
  1047 | D:2      | Reached XP level 3. HP: 31/31 MP: 3/3
  1246 | D:2      | Reached skill level 4 in Axes
  1349 | D:2      | Reached XP level 4. HP: 39/39 MP: 4/4
  1423 | D:2      | Reached skill level 5 in Axes
  1723 | D:2      | Noticed Natasha
  1745 | D:2      | HP: 1/39 [crimson imp[Natasha] (3)]
  1748 | D:2      | Slain by Natasha

Illustrated notes

Levels and vault maps discovered:
D:1:      dpeg_cavernosity, layout_rooms, minivault_5
D:2:      layout_basic, uniq_natasha

Skill      XL: |  1  2  3  4 |
---------------+-------------+-----
Axes           | 3 4 5 |  5.1
Shields        | 4 |  4.0
Fighting       | |  3.6
Armour         | |  3.2

Action                   |  1- 3 |  4- 6 || total
-------------------------+-------+-------++-------
Melee: War axe           |    92 |    45 ||   137
Armor: Scale mail        |    46 |    28 ||    74
Dodge: Dodged            |    52 |    26 ||    78
Block: Buckler           |    23 |    14 ||    37

Table legend: (Time is in decaauts)
 A = Elapsed time spent in this place.
 B = Non-inter-level travel time spent in this place.
 C = Inter-level travel time spent in this place.
 D = Time resting spent in this place.
 E = Time spent auto-exploring this place.
 F = Levels seen in this place.
 G = Mean time per level.
                   A        B        C        D        E       F      G
               +--------+--------+--------+--------+--------+-----+--------+
         Total |   1789 |   1760 |     29 |      0 |   1467 |   2 |  894.5 |
       Dungeon |   1789 |   1760 |     29 |      0 |   1467 |   2 |  894.5 |
               +--------+--------+--------+--------+--------+-----+--------+

Top non-repeatable levels by time:
     D:1: 1056 daAuts
     D:2: 733 daAuts
